 Dungeon Crawl Stone Soup version 0.28.0-43-g3370ac3207 (webtiles) character file.

Game seed: 15295857261020204482

748 pkoi the Conjurer (level 7, -6/40 HPs)
             Began as a Deep Elf Conjurer on Mar 21, 2022.
             Shot with an arrow by a centaur (8 damage)
             ... on level 5 of the Dungeon.
             The game lasted 00:09:21 (7513 turns).

pkoi the Conjurer (Deep Elf Conjurer)               Turns: 7513, Time: 00:09:21

Health: -6/40      AC:  3    Str:  4    XL:     7   Next: 48%
Magic:  7/16       EV: 13    Int: 31    God:
Gold:   244        SH:  0    Dex: 13    Spells: 4/15 levels left

rFire   + . .      SeeInvis .   q - +2 dagger (venom)
rCold   . . .      Faith    .   (no shield)
rNeg    . . .      Spirit   .   a - +0 robe
rPois   .          Reflect  .   (no helmet)
rElec   .          Harm     .   (no cloak)
rCorr   .          Rampage  .   (no gloves)
Will    .....                   k - +0 pair of boots
Stlth   ++........              (no amulet)
HPRegen 0.13/turn               h - ring of protection from fire
MPRegen 0.15/turn               m - +6 ring of intelligence

@: no status effects
A: no striking features
a: no special abilities


You were on level 5 of the Dungeon.
You visited 1 branch of the dungeon, and saw 5 of its levels.

You collected 244 gold pieces.

Inventory:

Hand Weapons
 d - a +0 short sword
 e - a +2 short sword of freezing
 g - a +2 dagger of speed
 q - a +2 dagger of venom (weapon)
Armour
 a - a +0 robe (worn)
 k - a +0 pair of boots (worn)
Jewellery
 h - a ring of protection from fire (left hand)
 m - a +6 ring of intelligence (right hand)
Wands
 p - a wand of acid (8)
 r - a wand of mindburst (16)
Scrolls
 n - a scroll of teleportation
Potions
 b - a potion of degeneration {unknown}
 c - a potion of curing {unknown}
 f - a potion of mutation {unknown}
 i - a potion of invisibility {unknown}
 j - a potion of ambrosia {unknown}
 l - a potion of haste
 o - a potion of attraction {unknown}
 t - a potion of berserk rage {unknown}
 v - a potion of cancellation {unknown}


   Skills:
 - Level 2.1 Fighting
 - Level 4.5 Dodging
 - Level 2.4 Stealth
 + Level 4.8 Spellcasting
 * Level 7.2 Conjurations
 + Level 2.6 Hexes
 + Level 2.8 Translocations


You had 4 spell levels left.
You knew the following spells:

 Your Spells              Type           Power      Damage    Failure   Level
a - Magic Dart            Conj           100%       1d8       1%          1
b - Searing Ray           Conj           100%       2d8       1%          2
c - Iskenderun's Mystic   Conj/Tloc      38%        2d9       7%          4
d - Fulminant Prism       Conj/Hex       19%        3d11      7%          4

Your spell library contained the following spells:

 Spells                   Type           Power      Damage    Failure   Level
 Shock                    Conj/Air       100%       1d9       1%          1
 Dazzling Flash           Conj/Hex       76%        N/A       2%          3
 Ensorcelled Hibernation  Hex/Ice        30%        N/A       4%          2
 Portal Projectile        Hex/Tloc       48%        N/A       5%          3
 Scorch                   Fire           14%        2d6       9%          2
 Sublimation of Blood     Necr           7%         N/A       9%          2
 Wereblood                Tmut           7%         N/A       9%          2
 Call Canine Familiar     Summ           7%         N/A       17%         3
 Spider Form              Tmut/Pois      7%         N/A       17%         3
 Swiftness                Air            7%         N/A       17%         3
 Anguish                  Hex/Necr       7%         N/A       32%         4
 Leda's Liquefaction      Hex/Erth       7%         N/A       32%         4
 Airstrike                Air            3%         N/A       50%         4
 Irradiate                Conj/Tmut      15%        3d18      34%         5
 Summon Hydra             Summ           3%         N/A       100%        7


Dungeon Overview and Level Annotations

Branches:
Dungeon (5/15)
 Temple: D:4-7

Altars:

Shops:
D:1 ?([!


Message History

A centaur is nearby!
A centaur is nearby!
The magic dart hits the centaur.
The centaur is lightly wounded.
The centaur shouts!
The centaur wields a +0 shortbow.
The centaur shoots an arrow.
The arrow closely misses you.
The magic dart hits the centaur.
The centaur is moderately wounded.
The centaur shoots an arrow.
The arrow hits you!
* * * LOW HITPOINT WARNING * * *
The centaur shoots an arrow.
The arrow hits you!
* * * LOW HITPOINT WARNING * * *
You are too injured to fight recklessly!
Unknown command.
The centaur shoots an arrow.
The arrow hits you.
* * * LOW HITPOINT WARNING * * *
The centaur shoots an arrow.
The arrow closely misses you.
Casting: Magic Dart (safe; 1% risk of failure)
Confirm with . or Enter, or press ? or * to list all spells.
The spell is quite dangerous to miscast (7% risk of failure)!
Continue anyway?
Aiming: Fulminant Prism (quite dangerous; 7% risk of failure)
Press: ? - help, Dir - move target You conjure a prism of explosive energy!
A fulminant prism comes into view.
You hear a loud crackle.
You hear an explosion!
You hear a shout! x2
Casting: Fulminant Prism (quite dangerous; 7% risk of failure)
Confirm with . or Enter, or press ? or * to list all spells.
The spell is quite dangerous to miscast (7% risk of failure)!
Continue anyway? [Y]es or [N]o only, please.
The spell is quite dangerous to miscast (7% risk of failure)!
Continue anyway?
Aiming: Fulminant Prism (quite dangerous; 7% risk of failure)
Press: ? - help, Dir - move target You conjure a prism of explosive energy!
A fulminant prism comes into view.
The centaur shoots an arrow.
The arrow hits you!
* * * LOW HITPOINT WARNING * * *
The centaur shoots an arrow.
The arrow hits you!
You die...

.... ..## .... ... #.
#.. #.# #... #.######*#
...#
.###..#.*c..###..#...
.........###.......#
..#.#.#..# #....c#...
#.......## #.......#
#.#.#.#@# #.....#...
#.......## #.......#.
.#.#.#.#.#..###....##..
....#..........#.....
...
#.#..........#.#.#....
.. .............#.#.#
#.#..........#.#.#
.............#.#.#
.............#.#.#


You could see a centaur (ally target) and a friendly fulminant prism.

Vanquished Creatures
  An ogre (D:3)
  A phantom (D:5)
  A bullfrog (D:4)
  A scorpion (D:4)
  The ghost of terff the Sneak, a weakling OpBr (D:4)
  An orc priest (D:3)
  An iguana (D:4)
  Terence (D:2)
  2 orc wizards (D:3)
  Robin (D:2)
  6 gnolls (D:3)
  A howler monkey skeleton (D:4)
  2 adders (D:3)
  A shadow imp (D:3)
  2 worms (D:3)
  A dart slug (D:3)
  9 orcs
  14 ball pythons
  7 endoplasms
  A giant cockroach (D:1)
  50 goblins
  41 hobgoblins
  A jackal (D:4)
  4 quokkas
  4 bats
  2 frilled lizards
  9 kobolds
  11 rats
177 creatures vanquished.

Vanquished Creatures (others)
  A fulminant prism (D:5)
1 creature vanquished.

Grand Total: 178 creatures vanquished

Notes
Turn   | Place    | Note
-------+----------+-------------------------------------------
     0 | D:1      | pkoi the Deep Elf Conjurer began the quest for the Orb.
     0 | D:1      | Reached XP level 1. HP: 10/10 MP: 6/6
   545 | D:1      | Got the Papyrus of the Destructive Arsonist
   554 | D:1      | Found Gine's Magic Scroll Boutique.
   576 | D:1      | Reached XP level 2. HP: 16/16 MP: 6/8
   612 | D:1      | Learned a level 2 spell: Searing Ray
   735 | D:1      | Found Peomeoz's Antique Weapon Emporium.
  1073 | D:1      | Found a faded altar of an unknown god.
  1226 | D:1      | Reached skill level 5 in Conjurations
  1258 | D:1      | Reached XP level 3. HP: 20/20 MP: 6/9
  1422 | D:1      | Found Heares's Distillery.
  1442 | D:1      | Found Heahez's Antique Armour Boutique.
  1904 | D:2      | Reached skill level 1 in Fighting
  1909 | D:2      | Identified the +4 dagger "Dauc" {freeze, Contam rCorr Str+8
                  | Dex-3}
  1922 | D:2      | Noticed Robin
  2078 | D:2      | Killed Robin
  2247 | D:2      | Reached XP level 4. HP: 25/25 MP: 4/10
  2397 | D:2      | Noticed Terence
  2401 | D:2      | Killed Terence
  2475 | D:2      | Learned a level 4 spell: Iskenderun's Mystic Blast
  3413 | D:3      | Noticed an ogre
  3419 | D:3      | Killed an ogre
  3420 | D:3      | Reached skill level 6 in Conjurations
  3420 | D:3      | Reached skill level 1 in Translocations
  3420 | D:3      | Reached XP level 5. HP: 30/30 MP: 4/12
  3659 | D:3      | Reached XP level 6. HP: 35/35 MP: 4/13
  3991 | D:3      | Learned a level 4 spell: Fulminant Prism
  5060 | D:3      | Reached skill level 1 in Hexes
  6577 | D:4      | Reached XP level 7. HP: 40/40 MP: 8/15
  6650 | D:4      | Reached skill level 7 in Conjurations
  6834 | D:4      | Found a runed translucent door.
  7008 | D:4      | Noticed terff's ghost (weakling OpBr)
  7150 | D:4      | Killed terff's ghost
  7404 | D:5      | Entered Level 5 of the Dungeon
  7513 | D:5      | HP: 2/40 [centaur/arrow (9)]
  7513 | D:5      | Shot with an arrow by a centaur

Illustrated notes

Levels and vault maps discovered:
D:1:      minmay_arrival_wavy_path, layout_basic,
          shapermc_ecumenical_altar_mp_highgroup, serial_shops,
          nicolae_shop_trees, shop_fountains, nicolae_shop_waterfront, shop,
          st_stairs_9
D:2:      layout_loops_cross, minmay_three_crescents, uniq_robin, uniq_terence
D:3:      minmay_goblin_kobold_castle, layout_loops_ring
D:4:      layout_basic, hellmonk_ghost_happy_afterlife, minmay_ruptured
D:5:      layout_basic, serial_co_window_serial, co_window_paths_a,
          co_window_corner_a, co_window_paths_a, co_window_paths_a,
          co_window_paths_a, co_window_unsneaky_path_c, co_window_paths_c,
          co_window_broadway_b, co_window_corner_b, co_window_corner_b,
          co_window_broadway_b, co_window_corner_b, glass_columns_b,
          glass_columns_a, glass_columns_c, glass_columns_c, glass_columns_a,
          minmay_misc_feat_pillars, st_stairs_3

Skill      XL: |  1  2  3  4  5  6  7 |
---------------+----------------------+-----
Conjurations   | 5 6 7 |  7.2
Dodging        | 3 4 |  4.5
Fighting       | 1 2 |  2.1
Translocations | 1 2 |  2.8
Spellcasting   | 4 |  4.8
Hexes          | 1 2 |  2.6
Stealth        | |  2.4

Action                   |  1- 3 |  4- 6 |  7- 9 || total
-------------------------+-------+-------+-------++-------
Melee: Short sword       |     6 |    12 |       ||    18
       Punch             |     1 |       |       ||     1
       Dagger            |       |     1 |       ||     1
 Cast: Magic Dart        |    81 |   185 |    28 ||   294
       Searing Ray       |     1 |    10 |     3 ||    14
       Fulminant Prism   |       |       |     2 ||     2
  Use: Scroll            |     1 |     4 |     4 ||     9
 Stab: Sleeping          |       |     1 |       ||     1
Armor: Robe              |     3 |     9 |     1 ||    13
Dodge: Dodged            |     6 |    25 |    11 ||    42
